 Dungeon Crawl Stone Soup version 0.28.0 (webtiles) character file.

Game seed: 13383796327247210191

523 Findor the Magician (level 7, 0/33 HPs)
             Began as a Spriggan Ice Elementalist on Feb 12, 2022.
             Was a Follower of Vehumet.
             Slain by a mummy (14 damage)
             ... in an ossuary.
             The game lasted 00:13:17 (7228 turns).

Findor the Magician (Spriggan Ice Elementalist)     Turns: 7228, Time: 00:13:18

Health: 0/33       AC:  7    Str:  4    XL:     7   Next: 2%
Magic:  8/15       EV: 18    Int: 18    God:    Vehumet [*.....]
Gold:   168        SH:  0    Dex: 16    Spells: 3/15 levels left

rFire   . . .      SeeInvis +   a - +1 dagger (venom)
rCold   . . .      Faith    .   (no shield)
rNeg    + . .      Spirit   .   h - +0 robe
rPois   .          Reflect  .   f - +2 hat
rElec   .          Harm     .   u - +2 cloak
rCorr   .          Rampage  .   (gloves unavailable)
Will    +....                   (boots unavailable)
Stlth   +++.......              (no amulet)
HPRegen 0.11/turn               t - ring of positive energy
MPRegen 0.14/turn               (no ring)

@: marked, very quick
A: very small, no large weapons, unfitting armour, see invisible, speed 3
a: Renounce Religion


You were in an ossuary.
You worshipped Vehumet.
Vehumet was aware of your devotion.
You visited 2 branches of the dungeon, and saw 6 of its levels.
You also visited: Ossuary.

You collected 168 gold pieces.


Innate Abilities, Weirdness & Mutations

You are very small and have problems with some larger weapons.
You are too small for most types of armour.
You have supernaturally acute eyesight. (SInv)
You cover ground extremely quickly. (Speed+++)


   Skills:
 - Level 1.5 Fighting
 + Level 2.6 Short Blades
 - Level 4.0 Dodging
 - Level 4.6 Stealth
 - Level 4.9 Spellcasting
 * Level 2.1 Conjurations
 * Level 4.1 Ice Magic


You had 3 spell levels left.
You knew the following spells:

 Your Spells              Type           Power      Damage    Failure   Level
a - Freeze                Ice            76%        1d9       2%          1
b - Frozen Ramparts       Ice            38%        1d5       8%          3
c - Ozocubu's Armour      Ice            19%        N/A       8%          3
d - Hailstorm             Conj/Ice       15%        3d5       36%         4
e - Sandblast             Erth           8%         2d5       14%         1

Your spell library contained the following spells:

 Spells                   Type           Power      Damage    Failure   Level


Inventory:

Hand Weapons
 a - a +1 dagger of venom (weapon)
   (You found it on level 5 of the Dungeon)
 b - a +0 hunting sling
   (You took it off a goblin on level 2 of the Dungeon)
 i - a +0 war axe
   (You found it on level 1 of the Dungeon)
Missiles
 j - 77 stones
 k - 5 curare-tipped darts
 p - 7 poisoned darts
Armour
 f - a +2 hat (worn)
   (You found it on level 1 of the Dungeon)
 h - a +0 robe (worn)
 u - a +2 cloak (worn)
   (You found it on level 4 of the Dungeon)
Jewellery
 m - a +4 ring of evasion
   (You found it on level 2 of the Dungeon)
 t - a ring of positive energy (left hand)
   (You found it on level 4 of the Dungeon)
Scrolls
 c - 3 scrolls of identify {@r1}
 e - a scroll of enchant armour
 r - 4 scrolls of noise {unknown}
Potions
 d - 7 potions of curing {@q1}
 l - a potion of invisibility {unknown}
 n - a potion of ambrosia {unknown}
 o - 2 potions of attraction {!q}
 q - a potion of degeneration {unknown}
 s - 2 potions of brilliance


Message History

You shoot a stone.
The stone hits Menkaure but does no damage.
You shoot a stone.
The stone hits Menkaure but does no damage.
Menkaure resists.
The wall freezes Menkaure.
Casting: Frozen Ramparts (quite dangerous; 9% risk of failure)
Aiming: Freeze (safe; 2% risk of failure)
Press: ? - help, Shift-Dir - straight line, f/p - Menkaure
Aim: Menkaure (moderately damaged)
You freeze Menkaure.
Menkaure resists.
The frozen ramparts melt away.
Menkaure closely misses you.
Casting: Freeze (safe; 2% risk of failure)
Aiming: Freeze (safe; 2% risk of failure)
Press: ? - help, Shift-Dir - straight line, f/p - Menkaure
Aim: Menkaure (heavily damaged)
You freeze Menkaure.
Menkaure resists.
Casting: Freeze (safe; 2% risk of failure)
Aiming: Freeze (safe; 2% risk of failure)
Press: ? - help, Shift-Dir - straight line, f/p - Menkaure
Aim: Menkaure (heavily damaged)
You freeze Menkaure.
Menkaure resists.
Menkaure hits you.
Casting: Freeze (safe; 2% risk of failure)
Aiming: Freeze (safe; 2% risk of failure)
Press: ? - help, Shift-Dir - straight line, f/p - Menkaure
Aim: Menkaure (severely damaged)
You freeze Menkaure.
Menkaure resists.
Menkaure casts a spell at you. Pain shoots through your body!
* * * LOW HITPOINT WARNING * * *
Unknown command.
Casting: Freeze (safe; 2% risk of failure)
Aiming: Freeze (safe; 2% risk of failure)
Press: ? - help, Shift-Dir - straight line, f/p - Menkaure
Aim: Menkaure (almost destroyed)
You freeze Menkaure.
Menkaure resists.
You destroy Menkaure!
Vehumet accepts your kill.
You feel your power returning.
Your Conjurations skill increases to level 2!
Your Ice Magic skill increases to level 4!
You have reached level 7!
Unknown command.
Your +1 dagger of venom begins to drip with poison!
a - a +1 dagger of venom (weapon)
Casting: Freeze (safe; 2% risk of failure)
Aiming: Freeze (safe; 2% risk of failure)
Press: ? - help, Shift-Dir - straight line, f - mummy
Aim: a mummy You freeze the mummy.
The mummy resists.
The mummy hits you!
You die...

##..##..## ##..####..##
##..######..## ##..##....##..##
##..##..##..##..##
##..##^.####..##..##
##..##..######..##..##
##..##..##..M.##..##..#
##..##.@##..##.^##..##..
##..##.M##.M####..##..##.
##..##^(##..## ##..##..##
##^.##.(##..## ##..##..#
##..##.(##..## ##..##..
##..##.(##.M## ##..##.
##..##.(##..## ##..##
##..##.(##..## ##..#
##..##..##..##############M'##..


You could see a mummy.

Vanquished Creatures
  Menkaure (Ossuary)
  An ogre (D:4)
  A scorpion (D:4)
  A centaur skeleton (D:4)
  A hound (D:5)
  2 mummies (Ossuary)
  4 gnolls (D:3)
  3 adders (D:2)
  2 dart slugs
  4 orcs
  7 endoplasms
  5 giant cockroaches
  7 hobgoblins
  3 jackals (D:1)
  A kobold (D:4)
  2 quokkas
  5 ball pythons
  5 bats
  4 frilled lizards
  4 gnoll skeletons (Ossuary)
  3 gnoll zombies (Ossuary)
  11 goblins
  3 goblin skeletons (Ossuary)
  2 goblin zombies (Ossuary)
  2 hobgoblin skeletons (Ossuary)
  6 hobgoblin zombies (Ossuary)
  8 kobold skeletons (Ossuary)
  6 kobold zombies (Ossuary)
  3 orc skeletons (Ossuary)
  3 orc zombies (Ossuary)
  4 rats
  5 rat skeletons (Ossuary)
  5 rat zombies (Ossuary)
124 creatures vanquished.

Vanquished Creatures (others)
  A fungus (D:2)
  5 plants (D:2)
6 creatures vanquished.

Grand Total: 130 creatures vanquished

Notes
Turn   | Place    | Note
-------+----------+-------------------------------------------
     0 | D:1      | Findor the Spriggan Ice Elementalist began the quest for
                  | the Orb.
     0 | D:1      | Reached XP level 1. HP: 9/9 MP: 5/5
   148 | D:1      | Reached skill level 3 in Spellcasting
   159 | D:1      | Reached XP level 2. HP: 13/13 MP: 7/7
   490 | D:1      | Reached skill level 3 in Dodging
   826 | D:1      | Reached XP level 3. HP: 17/17 MP: 6/8
  1474 | D:2      | Learned a level 3 spell: Frozen Ramparts
  1478 | D:2      | Learned a level 3 spell: Ozocubu's Armour
  1513 | D:2      | Reached skill level 1 in Short Blades
  2138 | D:2      | Found a faded altar of an unknown god.
  2154 | D:2      | Reached XP level 4. HP: 21/21 MP: 4/10
  2968 | D:3      | Reached skill level 1 in Fighting
  3424 | D:4      | Noticed a scorpion
  3432 | D:4      | Killed a scorpion
  3433 | D:4      | Reached skill level 1 in Conjurations
  3433 | D:4      | Reached XP level 5. HP: 25/25 MP: 7/12
  3544 | D:4      | Found a staircase to the Ecumenical Temple.
  3560 | Temple   | Entered the Ecumenical Temple
  3934 | Temple   | Became a worshipper of Vehumet
  4013 | D:4      | Noticed an ogre
  4037 | D:4      | Killed an ogre
  4038 | D:4      | Reached XP level 6. HP: 28/30 MP: 6/14
  5439 | D:5      | Entered Level 5 of the Dungeon
  5654 | D:5      | Found a sand-covered staircase.
  5659 | Ossuary  | Entered an ossuary
  5712 | Ossuary  | Learned a level 4 spell: Hailstorm
  6037 | Ossuary  | Reached * piety under Vehumet
  6037 | Ossuary  | Offered knowledge of Sandblast by Vehumet.
  6384 | Ossuary  | Noticed Menkaure
  6501 | Ossuary  | Learned a level 1 spell: Sandblast
  6944 | Ossuary  | HP: 4/30 [mummy (5)]
  7226 | Ossuary  | Killed Menkaure
  7227 | Ossuary  | Reached XP level 7. HP: 14/33 MP: 8/15
  7228 | Ossuary  | Slain by a mummy

Levels and vault maps discovered:
D:1:      onia_arrival_pentagram, layout_loops_ring
D:2:      layout_loops_corners, serial_forest, infiniplex_forest_lined_3,
          infiniplex_forest_lined_room_2, infiniplex_forest_end_3,
          infiniplex_forest_join, infiniplex_forest_clump_long,
          infiniplex_forest_clump_curved, infiniplex_forest_straight_2,
          shapermc_ecumenical_altar_ellora
D:3:      layout_loops_ring, serial_glass, glass_columns_a, glass_columns_b,
          hangedman_decor_opposing
D:4:      layout_basic, minmay_temple_entry_wispy, kennysheep_generic_room_3
D:5:      layout_loops_ring, nicolae_ossuary_entry_false_entrances,
          gup_sewer_entry_glass, minmay_increasing_density
Temple:   mainiacjoe_temple_trianglar_array
Ossuary:  ossuary_due_pyramid

Action                   |  1- 3 |  4- 6 |  7- 9 || total
-------------------------+-------+-------+-------++-------
Melee: War axe           |     7 |       |       ||     7
       Dagger            |     8 |   322 |       ||   330
       Punch             |       |     3 |       ||     3
 Fire: Hunting sling     |       |    45 |       ||    45
 Cast: Freeze            |    56 |   109 |     1 ||   166
       Frozen Ramparts   |       |     8 |       ||     8
       Ozocubu's Armour  |       |     1 |       ||     1
       Sandblast         |       |     7 |       ||     7
  Use: Scroll            |       |     5 |       ||     5
 Stab: Sleeping          |     6 |     4 |       ||    10
       Distracted        |       |     1 |       ||     1
Armor: Robe              |     5 |    93 |       ||    98
Dodge: Dodged            |    45 |   328 |       ||   373
